 Dungeon Crawl Stone Soup version 0.31-a0-152-g6aa68a64a1 (webtiles) character file.

Game seed: 12278770596276705223

3343 qw the Cleaver (level 10, -7/63 HPs)
             Began as a Gargoyle Fighter on June 10, 2023.
             Was a Believer of Okawaru.
             Mangled by a two-headed ogre
             ... wielding a +0 giant club
              (14 damage)
             ... on level 8 of the Dungeon.
             The game lasted 00:03:12 (6676 turns).

qw the Cleaver (Gargoyle Fighter)                   Turns: 6676, Time: 00:03:13

Health: -7/63      AC: 23    Str: 24    XL:     10   Next: 2%
Magic:  11/13      EV: 15    Int:  9    God:    Okawaru [**....]
Gold:   174        SH: 11    Dex:  9    Spells: 9/9 levels left

rFire   . . .        Y - +3 broad axe
rCold   . . .        c - +0 buckler
rNeg    + + .        f - +0 chain mail
rPois   inf          p - +1 helmet
rElec   +            r - +1 cloak
rCorr   .            (no gloves)
SInv    .            (no boots)
Will    .....        e - amulet of reflection Stlth
                     n - +5 ring of evasion
HPRegen 0.30/turn    k - ring of positive energy
MPRegen 0.13/turn

%: reflection
@: about to teleport, heroic, marked
A: sickness immunity, AC +7, negative energy resistance 1, electricity
resistance, torment resistance 1, petrification resistance
a: Renounce Religion, Heroism


You were on level 8 of the Dungeon.
You worshipped Okawaru.
Okawaru was pleased with you.
You visited 1 branch of the dungeon, and saw 8 of its levels.

You collected 414 gold pieces.
You spent 240 gold pieces at shops.


Innate Abilities, Weirdness & Mutations

You are immune to sickness and miasma.
Your stone body is resilient. (AC +7)
You are immune to poison.
You resist negative energy. (rN+)
You are resistant to electric shocks. (rElec)
You are resistant to unholy torment.
You are immune to petrification.


   Skills:
 + Level 7.5(12.5) Fighting
 - Level 10.1(15.1) Axes
 - Level 5.0(10.0) Armour
 - Level 1.0(6.0) Dodging
 - Level 4.4(9.4) Shields
 - Level 4.1 Invocations


You had 9 spell levels left.
You didn't know any spells.
Your spell library was empty.

Inventory:

Hand Weapons
 j - a +3 war axe of flaming
 Y - a +3 broad axe (weapon)
Armour
 c - a +0 buckler (worn)
 f - a +0 chain mail (worn)
 p - a +1 helmet (worn)
 r - a +1 cloak (worn)
Jewellery
 e - an amulet of reflection (around neck)
 k - a ring of positive energy (right hand)
 n - a +5 ring of evasion (left hand)
 q - a ring of protection from fire
Scrolls
 m - 5 scrolls of identify
Potions
 a - a potion of lignification
 d - 3 potions of might
 g - a potion of resistance
 h - a potion of magic
 i - 2 potions of curing
 l - 4 potions of cancellation
 o - 2 potions of heal wounds

Dungeon Overview and Level Annotations

Branches:
Dungeon (8/15)             Temple (0/1) D:7
   Lair: D:8-11

Altars:
Ashenzari
Cheibriados
Dithmenos
Elyvilon
Fedhas
Okawaru
Qazlal
Trog
Vehumet
Xom
Yredelemnul

Shops:
D:1 ?   D:5 *   D:6 [

Annotations:
D:8 Erica, Pikel


Message History

You block the killer bee's attack.
You slash Pikel!
Pikel is moderately wounded.
You barely miss the killer bee. You slash something!
You block the killer bee's attack. Something hits you but does no damage.
The killer bee stings you!
You hit the two-headed ogre.
The two-headed ogre is lightly wounded.
You miss something.
You hit the killer bee but do no damage.
The killer bee stings you. Something hits you! Something burns you.
The jelly jiggles.
A jelly comes into view.
You block the killer bee's attack.
You hit the two-headed ogre.
The two-headed ogre is moderately wounded.
You barely miss the killer bee. You barely miss something.
The killer bee misses you.
The two-headed ogre completely misses you.
The two-headed ogre hits you but does no damage.
Something barely misses you.
A jelly comes into view.
You slice the two-headed ogre!!
The two-headed ogre is heavily wounded.
You slash something! You barely miss the killer bee.
The killer bee barely misses you.
The killer bee stings you but does no damage.
You hear some strange, mumbled words.
A lance of force appears from out of thin air!
The lance of force hits you!
You are knocked back by the lance of force.
You collide with the killer bee!
The killer bee is moderately wounded.
An endoplasm comes into view.
6676 ||| READING scroll of teleportation.
As you read the scroll of teleportation, it crumbles to dust.
You feel strangely unstable. The killer bee closely misses you.
The two-headed ogre hits you with a +0 giant club!
You die...

# ...... .# #. ....
...#. .... ...5 ...
#.5# #.# .# #KO###.#
#.# #{@yFJ# #..
#######JJ# #.#
#......#J###.#
........#.J##.######
.........J.##.......
........##.....###
.................# #.
........######...##...
#######.# #......#


You could see a two-headed ogre, Pikel, 2 lemures, a bullfrog, 3 jellies, a
killer bee and 2 endoplasms.

Vanquished Creatures
  Joseph (D:8)
  Maggie (D:6)
  Prince Ribbit (D:8)
  Sigmund (D:3)
  3 yaks (D:5)
  Eustachio (D:6)
  A black bear (D:5)
  2 ice beasts (D:6)
  2 sky beasts (D:6)
  An ogre (D:6)
  2 lemures (D:8)
  2 bullfrogs (D:6)
  3 scorpions
  8 killer bees
  A howler monkey (D:6)
  7 hounds
  4 orc priests
  2 jellies (D:6)
  2 iguanas
  2 orc wizards
  3 adders (D:3)
  A shadow imp (D:7)
  A worm (D:3)
  2 dart slugs
  20 orcs
  9 endoplasms
  7 giant cockroaches
  2 goblins
  8 hobgoblins
  4 jackals (D:1)
  7 kobolds
  3 quokkas
  7 ball pythons
  4 bats
  4 frilled lizards
  3 rats
  A spectral orc (D:4)
133 creatures vanquished.

Notes
Turn   | Place    | Note
-------+----------+-------------------------------------------
     0 | D:1      | qw the Gargoyle Fighter began the quest for the Orb.
     0 | D:1      | Reached XP level 1. HP: 14/14 MP: 1/1
     0 | D:1      | 0 ||| qw: Version: 0.2-a-123-gb51047a
     0 | D:1      | 0 ||| qw: Game counter: 3703
     0 | D:1      | 0 ||| qw: Always use a shield: true
     0 | D:1      | 0 ||| qw: God list: Okawaru
     0 | D:1      | 0 ||| qw: Allow faded altars: false
     0 | D:1      | 0 ||| qw: Do Orc after D:15 true
     0 | D:1      | 0 ||| qw: Do second Lair branch before Depths: true
     0 | D:1      | 0 ||| qw: Lair rune preference: random
     0 | D:1      | 0 ||| qw: Plans: Normal, Zot:1-4, Slime:5, God:TSO, Crypt,
                  | Tomb, Abyss, Pan, Hells, Win
     0 | D:1      | 0 ||| PLANNING D:1-11
    78 | D:1      | Reached skill level 2 in Axes
   216 | D:1      | Found Imeha's Magic Scroll Shop.
   220 | D:1      | 220 ||| SHOPLISTING 3 scrolls of teleportation (126 gold,
                  | have 21).
   220 | D:1      | 220 ||| SHOPLISTING scroll of brand weapon (133 gold, have
                  | 21).
   220 | D:1      | 220 ||| SHOPLISTING scroll of identify (28 gold, have 21).
   220 | D:1      | 220 ||| Stepping ~*~*~tactically~*~*~ (hiding).
   221 | D:1      | 221 ||| Stepping ~*~*~tactically~*~*~ (hiding).
   227 | D:1      | Reached XP level 2. HP: 19/19 MP: 2/2
   484 | D:1      | Reached skill level 3 in Axes
   585 | D:1      | Reached XP level 3. HP: 23/23 MP: 3/3
  1167 | D:1      | 1167 ||| UPGRADING to +0 helmet.
  1172 | D:1      | 1172 ||| UPGRADING to amulet of reflection.
  1177 | D:1      | 1177 ||| UPGRADING to +5 ring of evasion.
  1178 | D:1      | 1178 ||| READING 2 scrolls labelled YHA PEOSATEBADI.
  1179 | D:1      | 1179 ||| READING scroll labelled CIYSTE UMUPN.
  1180 | D:1      | 1180 ||| READING scroll labelled ROLLIZ NURUUH.
  1185 | D:1      | 1185 ||| READING scroll labelled HAJOMO GIJONG.
  1186 | D:1      | 1186 ||| DROPPING +0 club.
  1187 | D:1      | 1187 ||| READING 5 scrolls labelled HAUSSUETWO.
  1188 | D:1      | 1188 ||| READING scroll labelled CYVIOK UKHLIMIX.
  1189 | D:1      | 1189 ||| DRINKING 2 grey potions.
  1190 | D:1      | 1190 ||| READING 4 scrolls of identify.
  1190 | D:1      | 1190 ||| IDENTIFYING amethyst potion
  1191 | D:1      | 1191 ||| DROPPING scroll of fear.
  1258 | D:2      | 1258 ||| Stepping ~*~*~tactically~*~*~ (stealth).
  1259 | D:2      | 1259 ||| Stepping ~*~*~tactically~*~*~ (stealth).
  1359 | D:2      | 1359 ||| READING scroll of enchant weapon.
  1359 | D:2      | 1359 ||| ENCHANTING +1 war axe of flaming.
  1439 | D:2      | 1439 ||| Stepping ~*~*~tactically~*~*~ (hiding).
  1489 | D:2      | 1489 ||| Stepping ~*~*~tactically~*~*~ (stealth).
  1490 | D:2      | 1490 ||| Stepping ~*~*~tactically~*~*~ (stealth).
  1496 | D:2      | 1496 ||| Stepping ~*~*~tactically~*~*~ (stealth).
  1497 | D:2      | 1497 ||| Stepping ~*~*~tactically~*~*~ (stealth).
  1738 | D:2      | 1738 ||| UPGRADING to +0 cloak.
  1787 | D:3      | Reached skill level 4 in Axes
  1787 | D:3      | Reached XP level 4. HP: 10/28 MP: 4/4
  1906 | D:3      | 1906 ||| Stepping ~*~*~tactically~*~*~ (stealth).
  1907 | D:3      | 1907 ||| Stepping ~*~*~tactically~*~*~ (stealth).
  1910 | D:3      | 1910 ||| Stepping ~*~*~tactically~*~*~ (stealth).
  1938 | D:3      | 1938 ||| Stepping ~*~*~tactically~*~*~ (stealth).
  1941 | D:3      | 1941 ||| Stepping ~*~*~tactically~*~*~ (stealth).
  1941 | D:3      | Noticed a scorpion
  1947 | D:3      | Killed a scorpion
  1948 | D:3      | Reached XP level 5. HP: 32/32 MP: 5/5
  1964 | D:3      | Reached skill level 5 in Axes
  1992 | D:3      | 1992 ||| Stepping ~*~*~tactically~*~*~ (hiding).
  1993 | D:3      | 1993 ||| Stepping ~*~*~tactically~*~*~ (hiding).
  2053 | D:3      | Noticed Sigmund
  2054 | D:3      | 2054 ||| Stepping ~*~*~tactically~*~*~ (hiding).
  2065 | D:3      | Killed Sigmund
  2066 | D:3      | Reached XP level 6. HP: 38/40 MP: 6/6
  2438 | D:3      | 2438 ||| UPGRADING to +0 chain mail.
  2448 | D:3      | 2448 ||| DROPPING +0 scale mail.
  2449 | D:3      | 2449 ||| UPGRADING to +1 cloak.
  2459 | D:3      | 2459 ||| DROPPING +0 cloak.
  2460 | D:3      | 2460 ||| READING scroll labelled URPHAH RISUO.
  2461 | D:3      | 2461 ||| READING scroll labelled NOT PYTWUOGYOBB.
  2462 | D:3      | 2462 ||| READING scroll labelled NOGAICSA RUTU.
  2463 | D:3      | 2463 ||| DRINKING 2 coppery potions.
  2464 | D:3      | 2464 ||| DRINKING 2 emerald potions.
  2465 | D:3      | 2465 ||| READING 3 scrolls of identify.
  2465 | D:3      | 2465 ||| IDENTIFYING red potion
  2466 | D:3      | 2466 ||| DROPPING potion of enlightenment.
  2631 | D:4      | 2631 ||| Stepping ~*~*~tactically~*~*~ (hiding).
  2632 | D:4      | 2632 ||| Stepping ~*~*~tactically~*~*~ (hiding).
  2859 | D:4      | Found a white marble altar of Elyvilon.
  2861 | D:4      | Found an iron altar of Okawaru.
  2864 | D:4      | 2864 ||| PLANNING OKAWARU WORSHIP
  2878 | D:4      | Reached XP level 7. HP: 44/44 MP: 7/7
  2996 | D:4      | Became a worshipper of Warmaster Okawaru
  2996 | D:4      | 2996 ||| PLANNING D:1-11
  3116 | D:4      | Found a shimmering altar of Xom.
  3283 | D:4      | Found a basalt altar of Yredelemnul.
  3438 | D:4      | 3438 ||| READING 2 scrolls of identify.
  3438 | D:4      | 3438 ||| IDENTIFYING fizzy grey potion
  3496 | D:5      | Entered Level 5 of the Dungeon
  3592 | D:5      | 3592 ||| Stepping ~*~*~tactically~*~*~ (stealth).
  3596 | D:5      | 3596 ||| Stepping ~*~*~tactically~*~*~ (hiding).
  3610 | D:5      | 3610 ||| Stepping ~*~*~tactically~*~*~ (hiding).
  3616 | D:5      | 3616 ||| DRINKING 2 potions of curing.
  3616 | D:5      | 3616 ||| (to cure confusion)
  3618 | D:5      | Reached skill level 6 in Axes
  3623 | D:5      | Reached skill level 1 in Dodging
  3631 | D:5      | 3631 ||| FLEEEEING.
  3702 | D:5      | 3702 ||| Stepping ~*~*~tactically~*~*~ (stealth).
  3704 | D:5      | 3704 ||| Stepping ~*~*~tactically~*~*~ (hiding).
  3813 | D:5      | 3813 ||| READING scroll of enchant weapon.
  3813 | D:5      | 3813 ||| ENCHANTING +2 war axe of flaming.
  3840 | D:5      | 3840 ||| Stepping ~*~*~tactically~*~*~ (hiding).
  3842 | D:5      | 3842 ||| Stepping ~*~*~tactically~*~*~ (hiding).
  3939 | D:5      | 3939 ||| Stepping ~*~*~tactically~*~*~ (stealth).
  3948 | D:5      | 3948 ||| Stepping ~*~*~tactically~*~*~ (stealth).
  3950 | D:5      | 3950 ||| Stepping ~*~*~tactically~*~*~ (hiding).
  4155 | D:5      | 4155 ||| Stepping ~*~*~tactically~*~*~ (stealth).
  4164 | D:5      | Reached skill level 7 in Axes
  4169 | D:5      | 4169 ||| Stepping ~*~*~tactically~*~*~ (stealth).
  4172 | D:5      | 4172 ||| Stepping ~*~*~tactically~*~*~ (stealth).
  4258 | D:5      | Found a broken altar of Ashenzari.
  4258 | D:5      | Found a bloodstained altar of Trog.
  4283 | D:5      | Found Turem's General Store.
  4298 | D:5      | 4298 ||| BUYING +3 broad axe (210 gold).
  4298 | D:5      | Bought a +3 broad axe for 210 gold pieces
  4298 | D:5      | 4298 ||| SHOPLISTING potion of heal wounds (50 gold, have
                  | 37).
  4298 | D:5      | 4298 ||| BUYING scroll of teleportation (30 gold).
  4298 | D:5      | Bought a scroll of teleportation for 30 gold pieces
  4298 | D:5      | 4298 ||| SWAPPING to +3 broad axe.
  4326 | D:5      | Noticed a yak
  4327 | D:5      | Noticed a yak
  4327 | D:5      | Noticed a yak
  4336 | D:5      | HP: 3/44 [yak (11)]
  4337 | D:5      | 4337 ||| READING 2 scrolls of teleportation.
  4338 | D:5      | 4338 ||| DRINKING 2 potions of heal wounds.
  4340 | D:5      | Killed a yak
  4340 | D:5      | Reached * piety under Okawaru
  4341 | D:5      | Reached XP level 8. HP: 21/49 MP: 8/8
  4458 | D:5      | Killed a yak
  4459 | D:5      | Reached skill level 1 in Invocations
  4461 | D:5      | Killed a yak
  4462 | D:5      | Reached skill level 8 in Axes
  4614 | D:5      | 4614 ||| READING 3 scrolls labelled RUPEPU MEZIM.
  4615 | D:5      | 4615 ||| READING scroll labelled NIWNIE PORI.
  4616 | D:5      | 4616 ||| DRINKING 2 orange potions.
  4617 | D:5      | 4617 ||| DROPPING 2 scrolls of magic mapping.
  4671 | D:6      | 4671 ||| INVOKING Heroism.
  4678 | D:6      | Reached skill level 3 in Invocations
  4706 | D:6      | Reached ** piety under Okawaru
  4783 | D:6      | 4783 ||| INVOKING Heroism.
  4787 | D:6      | Reached skill level 6 in Fighting
  4863 | D:6      | Reached XP level 9. HP: 53/55 MP: 12/12
  4891 | D:6      | Found Oceckagou's Armour Shop.
  4897 | D:6      | 4897 ||| SHOPLISTING +0 plate armour of Conscience {rCorr
                  | Str+2 SInv} (572 gold, have 27).
  4899 | D:6      | Noticed Maggie
  4900 | D:6      | 4900 ||| Stepping ~*~*~tactically~*~*~ (hiding).
  4911 | D:6      | 4911 ||| INVOKING Heroism.
  4923 | D:6      | Killed Maggie
  4924 | D:6      | Reached skill level 9 in Axes
  5043 | D:6      | Found a radiant altar of Vehumet.
  5043 | D:6      | Found a shadowy altar of Dithmenos.
  5158 | D:6      | Found a stormy altar of Qazlal.
  5191 | D:6      | Noticed Eustachio
  5192 | D:6      | 5192 ||| Stepping ~*~*~tactically~*~*~ (stealth).
  5195 | D:6      | 5195 ||| INVOKING Heroism.
  5206 | D:6      | 5206 ||| Stepping ~*~*~tactically~*~*~ (stealth).
  5210 | D:6      | Killed Eustachio
  5362 | D:6      | 5362 ||| Stepping ~*~*~tactically~*~*~ (stealth).
  5364 | D:6      | 5364 ||| INVOKING Heroism.
  5388 | D:6      | 5388 ||| Stepping ~*~*~tactically~*~*~ (stealth).
  5577 | D:6      | 5577 ||| READING 2 scrolls labelled XARPHUE TISEYH.
  5578 | D:6      | 5578 ||| DRINKING 2 dark potions.
  5579 | D:6      | 5579 ||| DROPPING scroll of amnesia.
  5580 | D:6      | 5580 ||| DROPPING potion of brilliance.
  5624 | D:7      | Found a blossoming altar of Fedhas.
  5628 | D:7      | Found a snail-covered altar of Cheibriados.
  5905 | D:7      | Found a staircase to the Ecumenical Temple.
  6038 | D:7      | 6038 ||| READING scroll of enchant armour.
  6038 | D:7      | 6038 ||| ENCHANTING +0 helmet.
  6346 | D:7      | 6346 ||| UPGRADING to ring of positive energy.
  6413 | D:8      | 6413 ||| STAIRDANCE
  6483 | D:8      | Noticed Joseph
  6494 | D:8      | 6494 ||| INVOKING Heroism.
  6496 | D:8      | Killed Joseph
  6649 | D:8      | Noticed Prince Ribbit
  6650 | D:8      | 6650 ||| INVOKING Heroism.
  6653 | D:8      | Noticed Erica
  6661 | D:8      | Killed Prince Ribbit
  6662 | D:8      | Reached skill level 10 in Axes
  6662 | D:8      | Reached XP level 10. HP: 63/63 MP: 11/13
  6662 | D:8      | Noticed Pikel
  6664 | D:8      | Noticed a two-headed ogre
  6666 | D:8      | 6666 ||| INVOKING Heroism.
  6675 | D:8      | HP: 7/63 [something (16)]
  6676 | D:8      | 6676 ||| READING scroll of teleportation.
  6676 | D:8      | Mangled by a two-headed ogre

Levels and vault maps discovered:
D:1:      lemuel_arrival_tunnels, layout_loops_corners, serial_shops, shop
D:2:      layout_rooms, grunt_ministairs_12
D:3:      layout_rooms, minmay_misc_feat_pillars, uniq_sigmund
D:4:      layout_loops_ring, tgw_xom, yredelemnul_forgotten_temple_becter,
          jmf_multi_god_temple
D:5:      layout_loops_ring, gammafunk_temple_overflow_elements, serial_shops,
          shop
D:6:      layout_basic, mainiacjoe_overflow_alcove_4,
          gammafunk_temple_overflow_wave, serial_shops, shop, uniq_eustachio,
          uniq_maggie
D:7:      layout_gridville, nicolae_overflow_hidden_temple,
          minmay_temple_entry_wispy, minmay_misc_feat_five
D:8:      lemuel_slime, layout_basic, gammafunk_ghost_necromancy,
          uniq_prince_ribbit1, uniq_joseph, uniq_pikel, uniq_erica

Skill      XL: |  1  2  3  4  5  6  7  8  9 |
---------------+----------------------------+-----
Axes           | 2 3 4 5 7 8 10 | 10.1
Fighting       | 5 6 7 |  7.5
Dodging        | 1 |  1.0
Invocations    | 4 |  4.1
Armour         | 4 5 |  5.0
Shields        | 4 |  4.4

Action                     |  1- 3 |  4- 6 |  7- 9 | 10-12 || total
---------------------------+-------+-------+-------+-------++-------
  Melee: War axe           |   116 |    68 |    75 |       ||   259
         Broad axe         |       |       |   151 |    13 ||   164
 Invoke: Heroism           |       |       |     7 |     1 ||     8
    Use: Scroll            |     8 |     4 |     7 |     1 ||    20
         Potion            |     1 |     2 |     4 |       ||     7
 Armour: Scale mail        |    38 |    14 |       |       ||    52
         Chain mail        |       |     6 |    78 |    12 ||    96
  Dodge: Dodged            |    74 |    22 |   100 |    15 ||   211
  Block: Buckler           |    26 |    24 |    86 |    11 ||   147

Table legend:
 A = Non-vault XP
 B = Vault XP
 C = Vault XP percentage of total XP
 D = Non-vault monster count
 E = Vault monster count
 F = Vault count percentage of total count
                 A         B        C        D         E       F
            +---------+---------+-------+---------+---------+-------
      Total |    3186 |    1591 |  33.3 |     116 |      15 |  11.5
            +---------+---------+-------+---------+---------+-------
        D:1 |      47 |       0 |   0.0 |      28 |       0 |   0.0
        D:2 |      12 |       3 |  20.0 |       7 |       2 |  22.2
        D:3 |     203 |     223 |  52.3 |      22 |       1 |   4.3
        D:4 |     133 |      92 |  40.9 |       7 |       8 |  53.3
        D:5 |    1031 |       0 |   0.0 |      21 |       0 |   0.0
        D:6 |    1206 |     564 |  31.9 |      18 |       2 |  10.0
        D:7 |     182 |       0 |   0.0 |       5 |       0 |   0.0
        D:8 |     372 |     709 |  65.6 |       8 |       2 |  20.0
            +---------+---------+-------+---------+---------+-------
